 Dungeon Crawl Stone Soup version 0.24.0-123-gd5b16e6ec5 (webtiles) character file.

Game seed: 1716269633839333580, levelgen mode: deterministic

67930 ReteAZ the Severer (level 15, -38/96 HPs)
             Began as a Gargoyle Gladiator on Jan 3, 2020.
             Was the Champion of Okawaru.
             Annihilated by an enormous slime creature (63 damage)
             ... on level 13 of the Dungeon.
             The game lasted 00:45:15 (20506 turns).

ReteAZ the Severer (Gargoyle Gladiator)            Turns: 20506, Time: 00:45:16

Health: -38/96     AC: 43    Str: 34    XL:     15   Next: 24%
Magic:  19/19      EV: 10    Int: 16    God:    Okawaru [******]
Gold:   1197       SH:  0    Dex: 15    Spells: 14/14 levels left

rFire    + + .     SeeInvis .   D - +6 broad axe of Melee {venom, Str+7 Int+6 Dex+4}
rCold    . . .     Gourm    .   (no shield)
rNeg     + . .     Faith    .   E - +4 plate armour {rF+}
rPois    ∞         Spirit   .   B - +1 hat "Xiussavy" {+Inv rF- Str+4}
rElec    +         Reflect  .   N - +2 cloak "Seazuass" {Regen+ Stlth+}
rCorr    .         Harm     .   x - +2 pair of gloves
MR       +....                  (no boots)
Stlth    ..........             T - amulet of the acrobat
HPRegen  0.66/turn              P - ring of the Seven Beggars {rF++ Stlth+}
MPRegen  0.16/turn              H - +5 ring of protection

@: flying
A: big wings, negative energy resistance 1, electricity resistance, unbreathing,
petrification resistance, rot immunity, AC +11
a: Stop Flying, Heroism, Finesse, Renounce Religion, Evoke Invisibility


You were on level 13 of the Dungeon.
You worshipped Okawaru.
Okawaru was exalted by your worship.
You were hungry.

You visited 3 branches of the dungeon, and saw 21 of its levels.
You also visited: Gauntlet.

You collected 1950 gold pieces.
You spent 753 gold pieces at shops.

Inventory:

Hand Weapons
 m - a +0 battleaxe of flaming
 D - the +6 broad axe of Melee (weapon) {venom, Str+7 Int+6 Dex+4}
   (Okawaru gifted it to you in a Gauntlet)

   It poisons the flesh of those it strikes.
   It affects your strength (+7).
   It affects your intelligence (+6).
   It affects your dexterity (+4).
 L - a +1 executioner's axe of freezing
Missiles
 d - 2 throwing nets (quivered)
 S - 4 silver javelins
 U - 25 javelins
Armour
 c - a +0 helmet
 o - a scarf of resistance
 x - a +2 pair of gloves (worn)
 B - the +1 hat "Xiussavy" (worn) {+Inv rF- Str+4}
   (Okawaru gifted it to you on level 13 of the Dungeon)

   It affects your strength (+4).
   It makes you vulnerable to fire.
   It lets you turn invisible.
 E - a +4 plate armour of fire resistance (worn)
 N - the +2 cloak "Seazuass" (worn) {Regen+ Stlth+}
   (You bought it in a shop on level 2 of the Orcish Mines)

   It increases your rate of regeneration.
   It makes you more stealthy.
Jewellery
 H - a +5 ring of protection (right hand)
 P - the ring of the Seven Beggars (left hand) {rF++ Stlth+}
   (You took it off an orc on level 9 of the Dungeon)

   [ring of stealth]

   It greatly protects you from fire.
   It makes you more stealthy.
 T - an amulet of the acrobat (around neck)
Wands
 g - a wand of iceblast (23)
 h - a wand of disintegration (4)
 l - a wand of scattershot (5)
 r - a wand of polymorph (6)
 v - a wand of digging (16)
 V - a wand of acid (21)
 X - a wand of clouds (10)
Scrolls
 e - 5 scrolls of teleportation
 i - 3 scrolls of amnesia
 j - 12 scrolls of identify
 n - 14 scrolls of remove curse
 y - 5 scrolls of enchant weapon
 A - 5 scrolls of fog
 F - 2 scrolls of enchant armour
 I - 3 scrolls of magic mapping
 Q - a scroll of summoning
 Z - a scroll of torment
Potions
 a - 2 potions of mutation
 b - 2 potions of ambrosia
 p - 5 potions of haste
 q - a potion of magic {unknown}
 s - 11 potions of curing
 t - 2 potions of berserk rage {unknown}
 u - 2 potions of brilliance
 w - 3 potions of resistance
 z - 2 potions of invisibility
 G - 2 potions of might
 J - a potion of cancellation
 W - 3 potions of heal wounds
 Y - 3 potions of agility
Comestibles
 f - 45 rations
 k - 6 chunks of flesh


   Skills:
 + Level 11.8 Fighting
 + Level 18.2 Axes
 - Level 1.7 Throwing
 + Level 11.6 Armour
 - Level 2.4 Dodging
 - Level 6.0 Evocations


You had 14 spell levels left.
You didn't know any spells.
Your spell library contained the following spells:

 Spells                   Type           Power        Failure   Level  Hunger
 Beastly Appendage        Tmut           #.....       80%         1    ##.....
 Freeze                   Ice            #...         80%         1    ##.....
 Magic Dart               Conj           #...         80%         1    ##.....
 Sandblast                Erth           #.....       80%         1    ##.....
 Passwall                 Tmut/Erth      #.......     90%         2    ###....
 Searing Ray              Conj           #.....       90%         2    ###....
 Sticks to Snakes         Tmut           #.......     90%         2    ###....
 Throw Frost              Conj/Ice       #.....       90%         2    ###....
 Dazzling Spray           Conj/Hex       #.....       99%         3    ####...
 Ozocubu's Armour         Chrm/Ice       #.......     99%         3    ####...
 Spider Form              Tmut/Pois      #.........   99%         3    ####...
 Stone Arrow              Conj/Erth      #.....       99%         3    ####...
 Cause Fear               Hex            #.........   100%        4    #####..
 Force Lance              Conj/Tloc      #.......     100%        4    #####..
 Fulminant Prism          Conj/Hex       #.........   100%        4    #####..
 Ice Form                 Ice/Tmut       #.......     100%        4    #####..
 Iskenderun's Mystic Bla  Conj           #.......     100%        4    #####..
 Petrify                  Tmut/Erth      #.......     100%        4    #####..
 Summon Ice Beast         Ice/Summ       #.......     100%        4    #####..
 Throw Icicle             Conj/Ice       #.......     100%        4    #####..
 Blade Hands              Tmut           #.........   100%        5    ######.
 Bolt of Magma            Conj/Fire/Erth #.........   100%        5    ######.
 Iskenderun's Battlesphe  Conj/Chrm      #.......     100%        5    ######.
 Lee's Rapid Deconstruct  Erth           #.........   100%        5    ######.
 Silence                  Hex/Air        #.........   100%        5    ######.
 Venom Bolt               Conj/Pois      #.........   100%        5    ######.
 Yara's Violent Unravell  Hex/Tmut       #.........   100%        5    ######.
 Deflect Missiles         Chrm/Air       #.........   100%        6    #######
 Iron Shot                Conj/Erth      #.........   100%        6    #######
 Orb of Destruction       Conj           #.........   100%        7    #######
 Spellforged Servitor     Conj/Summ      #.........   100%        7    #######
 Discord                  Hex            #.........   100%        8    #######


Dungeon Overview and Level Annotations

Branches:
Dungeon (13/15)            Temple (0/1) D:7            Lair (6/6) D:9
  Swamp (0/4) Lair:2        Snake (0/4) Lair:2        Slime (0/5) Lair:5
    Orc (2/2) D:9             Elf (0/3) Orc:2       Gauntlet (visited)
 Vaults: D:13-14

Altars:
Dithmenos
Elyvilon
Fedhas
Gozag
Hepliaklqana
Kikubaaqudgha
Makhleb
Nemelex Xobeh
Okawaru
Qazlal
Ru
Sif Muna
Trog
Uskayaw
Xom
Zin
The Shining One
Jiyva

Shops:
D:4 [   D:12 }   Orc:2 *}!*

Annotations:
D:8 3 runed translucent doors, Delamore's ghost, novice HOFi
Lair:5 1 runed translucent door, exclusion: 4 oklob plants


Innate Abilities, Weirdness & Mutations

You are resistant to torment.
Your stone body is resilient. (AC +11)
You are immune to poison.
Your large and strong wings let you fly indefinitely.
You resist negative energy. (rN+)
You are resistant to electric shocks. (rElec)
You can survive without breathing.
You are immune to petrification.
You are immune to rotting.


Message History

You chop the large slime creature into pieces!!!
You kill the large slime creature!
Okawaru accepts your kill.
You slash the enormous slime creature!
The enormous slime creature is heavily wounded.
The enormous slime creature closely misses you.
You hit the enormous slime creature.
The enormous slime creature is heavily wounded.
You slash the enormous slime creature!
The enormous slime creature is heavily wounded.
The enormous slime creature hits you!!!
Ouch! That really hurt!
* * * LOW HITPOINT WARNING * * *
There is a stone staircase leading down here.
The phantom blinks!
The phantom blinks!
As you read the scroll of summoning, it crumbles to dust.
Wisps of shadow whirl around you... The enormous slime creature hits you!!!
Ouch! That really hurt!
You die...

#######
#...§.###
#......R####
########
#....QQJ@C.#
#.......
##.W....####
##......
##>§...##
#......
#####.######
#......
##..##.#
#...#..
#....W##
#...###
##...)..#
###### #...#
# ###..._..##
#....## #...#
.........#
#.....###..##


You could see an enormous slime creature, a phantom, a friendly tengu warrior, a
friendly cyclops, a friendly efreet and a friendly tengu conjurer.

Vanquished Creatures
  Saint Roka (Orc:2)
  A minotaur (Gauntlet)
  Snorg (Lair:4)
  9 hydras
  3 catoblepae (Lair:6)
  4 two-headed ogres
  5 death yaks (Lair:6)
  3 orc high priests (Orc:2)
  Sonja (Orc:2)
  2 unseen horrors
  4 orc knights (Orc:2)
  7 orc sorcerers
  An ugly thing (D:11)
  4 manticores
  Maurice (D:11)
  6 black mambas
  4 molten gargoyles (D:9)
  A rime drake (Lair:6)
  A spiny frog (Lair:1)
  A kobold demonologist (D:12)
  2 efreet
  8 komodo dragons
  A tengu conjurer (D:13)
  A polar bear (Lair:6)
  A hornet (D:9)
  A tyrant leech (Lair:2)
  6 trolls
  Grinder (D:4)
  4 slime creatures
  13 blink frogs
  8 hippogriffs
  8 dream sheep
  6 shadows
  53 yaks
  2 vampires
  A basilisk (Lair:6)
  2 fire elementals (Gauntlet)
  A vampire mosquito (D:9)
  7 wargs
  3 swamp worms (Lair:2)
  2 hell hounds (Gauntlet)
  9 water moccasins
  9 porcupines
  24 orc warriors
  3 sky beasts
  2 hornet zombies
  3 ice beasts
  2 black bears
  2 phantoms
  10 ogres
  9 wolves
  A necrophage (D:8)
  6 crocodiles
  4 centaurs
  3 big kobolds (D:9)
  13 bullfrogs
  A wyvern skeleton (D:9)
  17 scorpions
  A howler monkey (D:5)
  6 electric eels
  4 crimson imps
  3 bullfrog zombies
  2 quasits
  3 centaur zombies
  5 jellies
  4 centaur skeletons
  A gnoll shaman (D:5)
  20 orc priests
  5 hounds
  31 orc wizards
  A bullfrog skeleton (D:4)
  Jessica (D:2)
  4 iguanas
  6 worker ants
  2 hound zombies (D:9)
  A hound skeleton (D:8)
  A worker ant zombie (D:10)
  Robin (D:2)
  7 gnolls
  10 adders
  4 shadow imps
  An ooze (D:4)
  2 adder zombies (D:6)
  2 adder skeletons
  4 worms
  2 dart slugs
  7 leopard geckos
  65 orcs
  4 bats
  8 giant cockroaches
  13 goblins
  16 hobgoblins
  12 jackals
  4 quokkas
  2 ball pythons
  3 frilled lizards
  7 kobolds
  8 rats
  A demonic plant (Gauntlet)
  2 fungi
  5 plants
600 creatures vanquished.

Vanquished Creatures (others)
  An orc (D:9)
  9 demonic plants (Gauntlet)
  3 fungi (Lair:5)
  9 plants
22 creatures vanquished.

Grand Total: 622 creatures vanquished

Notes
Turn   | Place    | Note
-------+----------+-------------------------------------------
     0 | D:1      | ReteAZ the Gargoyle Gladiator began the quest for the Orb.
     0 | D:1      | Reached XP level 1. HP: 12/12 MP: 1/1
    47 | D:1      | Reached skill level 3 in Axes
    47 | D:1      | Reached XP level 2. HP: 14/18 MP: 2/2
   208 | D:1      | Reached skill level 1 in Armour
   471 | D:1      | Reached XP level 3. HP: 22/22 MP: 3/3
   798 | D:2      | Found a hide-covered altar of Uskayaw.
  1129 | D:2      | Noticed Jessica
  1144 | D:2      | HP: 1/22 [Jessica/+0 club (2)]
  1478 | D:2      | Killed Jessica
  1478 | D:2      | Reached XP level 4. HP: 8/28 MP: 4/4
  1764 | D:2      | Noticed Robin
  1781 | D:2      | Killed Robin
  1827 | D:2      | Reached skill level 4 in Axes
  1983 | D:2      | Found a hazy altar of Hepliaklqana.
  2170 | D:2      | Reached XP level 5. HP: 32/32 MP: 5/5
  2329 | D:3      | HP: 1/32 [orc priest/divine providence (15)]
  2542 | D:3      | Reached XP level 6. HP: 23/38 MP: 6/6
  2711 | D:3      | Found a bloodstained altar of Trog.
  3366 | D:4      | Noticed Grinder
  3375 | D:4      | Killed Grinder
  3375 | D:4      | Reached skill level 5 in Axes
  3375 | D:4      | Reached XP level 7. HP: 39/44 MP: 7/7
  3721 | D:4      | Found a stormy altar of Qazlal.
  3997 | D:4      | Reached skill level 6 in Axes
  4057 | D:4      | Found a shimmering blue altar of Sif Muna.
  4117 | D:4      | Reached skill level 5 in Fighting
  4334 | D:4      | Found Buepausu's Antique Armour Emporium.
  4337 | D:4      | Bought a glowing scarf for 152 gold pieces
  4366 | D:5      | Entered Level 5 of the Dungeon
  4370 | D:5      | Reached XP level 8. HP: 49/49 MP: 2/8
  4504 | D:5      | Found an iron altar of Okawaru.
  4506 | D:5      | Found a transporter.
  4557 | D:5      | Became a worshipper of Warmaster Okawaru
  4608 | D:5      | Reached skill level 5 in Armour
  4622 | D:5      | Found a transporter.
  4632 | D:5      | Reached skill level 7 in Axes
  4791 | D:5      | Found a white marble altar of Elyvilon.
  5193 | D:6      | Found a shadowy altar of Dithmenos.
  5252 | D:6      | Reached * piety under Okawaru
  5364 | D:6      | Reached XP level 9. HP: 56/56 MP: 9/9
  5392 | D:6      | Found an ancient bone altar of Kikubaaqudgha.
  5392 | D:6      | Found a sacrificial altar of Ru.
  5975 | D:7      | Reached skill level 8 in Axes
  6016 | D:7      | Noticed a manticore
  6043 | D:7      | Killed a manticore
  6461 | D:7      | Reached ** piety under Okawaru
  6504 | D:7      | Found a staircase to the Ecumenical Temple.
  6766 | D:8      | Reached skill level 9 in Axes
  6960 | D:8      | Found a burning altar of Makhleb.
  6969 | D:8      | Reached XP level 10. HP: 64/64 MP: 10/10
  7043 | D:8      | Found a blossoming altar of Fedhas.
  7079 | D:8      | Noticed a two-headed ogre
  7087 | D:8      | Killed a two-headed ogre
  7087 | D:8      | Reached *** piety under Okawaru
  7248 | D:8      | Reached skill level 10 in Axes
  7264 | D:8      | Found a runed translucent gate.
  7265 | D:8      | Found a runed translucent gate.
  7265 | D:8      | Found a runed translucent gate.
  7272 | D:8      | Found an opulent altar of Gozag.
  7280 | D:8      | Noticed a cyclops
  7280 | D:8      | Noticed Delamore's ghost (novice HOFi)
  7485 | D:9      | Noticed a molten gargoyle
  7574 | D:9      | Reached **** piety under Okawaru
  7595 | D:9      | Received a gift from Okawaru
  7636 | D:9      | Noticed a three-headed hydra
  7645 | D:9      | Killed a four-headed hydra
  7670 | D:9      | Found a glowing golden altar of the Shining One.
  7727 | D:9      | Reached XP level 11. HP: 61/71 MP: 11/11
  7736 | D:9      | Reached ***** piety under Okawaru
  7751 | D:9      | Reached skill level 11 in Axes
  7802 | D:9      | Noticed a manticore
  7827 | D:9      | Killed a manticore
  7827 | D:9      | Received a gift from Okawaru
  7851 | D:9      | Identified the +3 scale mail "Rahea" {Str+4}
  7851 | D:9      | Identified the ring of the Seven Beggars {rF++ Stlth+}
  7986 | D:9      | Received a gift from Okawaru
  8387 | D:9      | Found a staircase to the Lair.
  8425 | D:9      | Found a staircase to the Orcish Mines.
  8496 | D:9      | Received a gift from Okawaru
  8496 | D:9      | Reached skill level 10 in Fighting
  8887 | D:10     | Entered Level 10 of the Dungeon
  8904 | D:10     | Received a gift from Okawaru
  8983 | D:10     | Reached skill level 12 in Axes
  9050 | D:10     | Reached skill level 10 in Armour
  9209 | D:10     | Reached XP level 12. HP: 59/78 MP: 9/12
  9667 | D:11     | Noticed a four-headed hydra
  9676 | D:11     | Noticed Maurice
  9678 | D:11     | Killed a one-headed hydra
  9692 | D:11     | Killed Maurice
  9762 | D:11     | Found a glowing silver altar of Zin.
 10013 | D:11     | Noticed a two-headed ogre
 10020 | D:11     | Killed a two-headed ogre
 10209 | Lair:1   | Entered Level 1 of the Lair of Beasts
 10246 | Lair:1   | Found a gate leading to a gauntlet.
 10256 | Gauntlet | Entered a Gauntlet
 10256 | Gauntlet | Found a transporter.
 10256 | Gauntlet | Found a transporter.
 10276 | Gauntlet | Found a transporter.
 10276 | Gauntlet | Found a transporter.
 10288 | Gauntlet | Found a transporter.
 10307 | Gauntlet | Found a transporter.
 10315 | Gauntlet | Found a transporter.
 10325 | Gauntlet | Found a transporter.
 10331 | Gauntlet | Found a transporter.
 10333 | Gauntlet | Found a transporter.
 10434 | Gauntlet | Found a transporter.
 10459 | Gauntlet | Found a transporter.
 10513 | Gauntlet | Reached skill level 13 in Axes
 10646 | Gauntlet | Noticed a minotaur
 10652 | Gauntlet | Killed a minotaur
 10652 | Gauntlet | Received a gift from Okawaru
 10656 | Gauntlet | Got a translucent broad axe {god gift}
 10657 | Gauntlet | Identified the +6 broad axe of Melee {venom, Str+7 Int+6
                  | Dex+4} (Okawaru gifted it to you in a Gauntlet)
 11627 | Lair:2   | Got a smoking war axe
 11628 | Lair:2   | Identified the cursed +3 war axe of Okawaru's Pride
                  | {freeze, rPois Dex+4} (You found it on level 2 of the Lair
                  | of Beasts)
 11669 | Lair:2   | Found a staircase to the Snake Pit.
 11709 | Lair:2   | Reached skill level 14 in Axes
 11745 | Lair:2   | Noticed a four-headed hydra
 11759 | Lair:2   | Killed a one-headed hydra
 11759 | Lair:2   | Reached ****** piety under Okawaru
 11759 | Lair:2   | Reached XP level 13. HP: 52/84 MP: 13/13
 11933 | Lair:2   | Found a staircase to the Swamp.
 12077 | Lair:2   | Received a gift from Okawaru
 12082 | Lair:2   | Got a heavily runed ring mail {god gift}
 12093 | Lair:2   | Identified the +3 ring mail "Rulu" {rElec Str+2 Stlth+}
                  | (Okawaru gifted it to you on level 2 of the Lair of Beasts)
 13189 | Lair:4   | Noticed Snorg
 13197 | Lair:4   | Killed Snorg
 13197 | Lair:4   | Reached skill level 15 in Axes
 14069 | Lair:5   | You fall into a shaft and drop 1 floor!
 14069 | Lair:6   | Entered Level 6 of the Lair of Beasts
 14137 | Lair:6   | Reached skill level 1 in Evocations
 14849 | Lair:6   | Received a gift from Okawaru
 14849 | Lair:6   | Reached skill level 16 in Axes
 15022 | Lair:6   | Gained mutation: Your large and strong wings let you fly
                  | indefinitely. [Gargoyle growth]
 15022 | Lair:6   | Reached XP level 14. HP: 29/90 MP: 15/17
 16146 | Lair:5   | Reached skill level 5 in Evocations
 16330 | Lair:5   | Received a gift from Okawaru
 17019 | Lair:5   | Found a runed translucent door.
 17019 | Lair:5   | Found a viscous altar of Jiyva.
 17020 | Lair:5   | Found a staircase to the Slime Pits.
 17020 | Lair:5   | Noticed an azure jelly
 17249 | Orc:1    | Entered Level 1 of the Orcish Mines
 17403 | Orc:2    | Entered Level 2 of the Orcish Mines
 17409 | Orc:2    | Noticed Sonja
 17441 | Orc:2    | Killed Sonja
 17576 | Orc:2    | Reached skill level 17 in Axes
 17668 | Orc:2    | Noticed Saint Roka
 17878 | Orc:2    | HP: 2/90 [Saint Roka/divine providence (13)]
 17892 | Orc:2    | Killed Saint Roka
 18433 | Orc:2    | Found a staircase to the Elven Halls.
 18478 | Orc:2    | Received a gift from Okawaru
 18560 | Orc:2    | Paralysed by an orc sorcerer for 7 turns
 18615 | Orc:2    | Reached skill level 18 in Axes
 18615 | Orc:2    | Reached XP level 15. HP: 90/95 MP: 19/19
 18639 | Orc:2    | Found Maukus's Assorted Antiques.
 18642 | Orc:2    | Found Zoziptizi's Gadget Emporium.
 18655 | Orc:2    | Found Bohaz's Distillery.
 18657 | Orc:2    | Found Roelif's Assorted Antiques.
 18677 | Orc:2    | Bought a bloodstained cloak for 209 gold pieces
 18689 | Orc:2    | Identified the +2 cloak "Seazuass" {Regen+ Stlth+} (You
                  | bought it in a shop on level 2 of the Orcish Mines)
 18850 | Orc:2    | Bought a potion of curing for 42 gold pieces
 18850 | Orc:2    | Bought a potion of haste for 140 gold pieces
 18850 | Orc:2    | Bought a potion of heal wounds for 70 gold pieces
 18850 | Orc:2    | Bought a potion of resistance for 140 gold pieces
 18938 | Orc:1    | Paralysed by an orc sorcerer for 5 turns
 19460 | D:12     | Found a shimmering altar of Xom.
 19467 | D:12     | Found Siqep's Gadget Shoppe.
 19556 | D:12     | Found a sparkling altar of Nemelex Xobeh.
 20409 | D:13     | Found a glowing silver altar of Zin.
 20420 | D:13     | Received a gift from Okawaru
 20423 | D:13     | Got a distressingly furry hat {god gift}
 20434 | D:13     | Identified the +1 hat "Xiussavy" {+Inv rF- Str+4} (Okawaru
                  | gifted it to you on level 13 of the Dungeon)
 20506 | D:13     | Annihilated by an enormous slime creature

Levels and vault maps discovered:
D:1:      saegor_arrival_miasma, layout_basic, ebering_dispersal_statue_hall
D:2:      mumra_celtic_spiral_tile, layout_rooms, lemuel_crystal_altar,
          eat_drink_and_be_merry_uskayaw, first_ration, uniq_jessica, uniq_robin
D:3:      layout_loops_corners, lemuel_crystal_altar
D:4:      layout_basic, kennysheep_little_box, grunt_qazlal_sundering,
          serial_shops, kennysheep_mini, uniq_grinder
D:5:      gammafunk_steamed_eel, layout_cave_pools, kennysheep_mini_moat,
          okawaru_metal_pillars_1_2, feat_on_display
D:6:      layout_basic, nicolae_dithmenos_through_a_glass_darkly,
          gammafunk_temple_overflow_statue
D:7:      layout_basic, minmay_temple_entry_ruins
D:8:      layout_loops_ring, makhleb_blood_cavern_becter, lemuel_round_altar,
          ebering_ghost_gozag
D:9:      minmay_the_grid_octo_2x2 [minmay_the_grid_octo_focus,
          minmay_the_grid_octo_odd_swirl, minmay_the_grid_octo_clover,
          minmay_the_grid_octo_prize_ultimate_mussel_roller], layout_loops_ring,
          erik_lair_orcish_takeover, orc_0_dummy, basic_altar, hangedman_ranch
          [blue_anna_fruit_fields], serial_park_tiny_1, minivault_8
D:10:     layout_loops_cross
D:11:     layout_roguey, basic_altar, uniq_maurice
D:12:     layout_irregular_city, serial_shops, nicolae_shop_statue_plus,
          hangedman_feature_mirror, minmay_misc_feat_enclosed
D:13:     layout_cave_pods, serial_shops, shop_statue, basic_altar, uniq_urug
Lair:1:   layout_gridlike, gauntlet_entry_generic, serial_bayou_lagoon_a,
          grunt_megastairs_4
Lair:2:   layout_gridlike, palyth_hydra_swamp_entry, dummy_snake_entry,
          beast_lair_carwin_3, infiniplex_staircase_pool
Lair:3:   layout_roguey, minmay_holes, beast_lair_carwin_1,
          infiniplex_staircase_pool_2
Lair:4:   layout_long_grid, uniq_snorg
Lair:5:   layout_regular_city, slime_altar_2, beast_lair_carwin_6,
          serial_bayou_shore_a, grunt_megastairs_1, minmay_lair_oklob_chamber,
          lemuel_fruit_tree
Lair:6:   evilmike_catoblepas_cave, layout_cave_shapes, minivault_26,
          chequers_serial_rivers_large_a
Orc:1:    layout_caves
Orc:2:    st_orc_elflike, layout_caves, uniq_saint_roka, uniq_sonja

Skill      XL: |  1  2  3  4  5  6  7  8  9 10 11 12 13 14 |
---------------+-------------------------------------------+-----
Axes           | 3 4 5 6 7 9 10 12 14 16 18 | 18.2
Armour         | 1 2 3 4 5 7 8 10 11 | 11.6
Fighting       | 3 4 5 6 7 9 10 11 | 11.8
Evocations     | 4 6 |  6.0
Throwing       | |  1.7
Dodging        | |  2.4

Action                   |  1- 3 |  4- 6 |  7- 9 | 10-12 | 13-15 || total
-------------------------+-------+-------+-------+-------+-------++-------
Melee: War axe           |   106 |   182 |   419 |   174 |       ||   881
       Unarmed           |       |     4 |       |       |       ||     4
       Battleaxe         |       |       |       |   374 |   142 ||   516
       Broad axe         |       |       |       |    66 |   648 ||   714
       Punch             |       |       |       |       |     2 ||     2
Throw: Throwing net      |       |       |     5 |     3 |     1 ||     9
       Javelin           |       |       |       |       |    18 ||    18
Invok: Heroism           |       |       |       |     2 |     5 ||     7
 Abil: Fly               |       |       |       |       |     1 ||     1
Evoke: Wand              |       |       |     2 |     9 |       ||    11
  Use: Potion            |     2 |     3 |     1 |     2 |     5 ||    13
       Scroll            |       |       |     2 |    10 |    14 ||    26
 Stab: Sleeping          |       |     1 |       |       |     2 ||     3
       Held in net/web   |       |       |       |     1 |       ||     1
       Petrifying        |       |       |       |       |     2 ||     2
       Distracted        |       |       |       |       |     1 ||     1
       Invisible         |       |       |       |       |     6 ||     6
       Petrified         |       |       |       |       |     4 ||     4
  Eat: Chunk             |     1 |     7 |    13 |    12 |    25 ||    58
       Ration            |       |       |       |     1 |     1 ||     2
Armor: Leather armour    |    68 |    24 |       |       |       ||    92
       Ring mail         |       |    64 |   287 |       |   105 ||   456
       Skin              |       |     1 |     5 |     7 |       ||    13
       Plate armour      |       |       |    14 |   250 |   445 ||   709
       Scale mail        |       |       |       |   187 |       ||   187
Dodge: Dodged            |   100 |   114 |   263 |   300 |   351 ||  1128
